 Dungeon Crawl Stone Soup version 0.25.1-2-g60ff931df9 (webtiles) character file.

Game seed: 12318183436283099323

5401 lepoulpe303 the Spear-Bearer (level 10, -15/69 HPs)
             Began as a Merfolk Gladiator on Sept 3, 2020.
             Was a Believer of Hepliaklqana.
             Demolished by Snorg (20 damage)
             ... on level 10 of the Dungeon.
             The game lasted 00:29:26 (9605 turns).

lepoulpe303 the Spear-Bearer (Merfolk Gladiator)    Turns: 9605, Time: 00:29:27

Health: -15/69     AC: 11    Str: 19    XL:     10   Next: 67%
Magic:  11/11      EV: 12    Int:  7    God:    Hepliaklqana [**....]
Gold:   565        SH:  0    Dex: 15    Spells: 9/9 levels left

rFire    . . .     SeeInvis .   a - +1 trident
rCold    . . .     Gourm    .   (no shield)
rNeg     . . .     Faith    .   o - +0 chain mail
rPois    .         Spirit   .   c - +0 helmet
rElec    .         Reflect  .   r - scarf {harm}
rCorr    .         Harm     +   (no gloves)
MR       .....                  (no boots)
Stlth    ..........             (no amulet)
HPRegen  0.21/turn              (no ring)
MPRegen  0.12/turn              (no ring)

@: lightly drained
A: change form in water, swift swim, stealthy swim, reduced essence
a: Recall Ancestor, Ancestor Identity, Renounce Religion


You were on level 10 of the Dungeon.
You worshipped Hepliaklqana.
Hepliaklqana was pleased with you.
You were not hungry.

You visited 2 branches of the dungeon, and saw 11 of its levels.

You collected 565 gold pieces.

Inventory:

Hand Weapons
 a - a +1 trident (weapon)
Missiles
 d - 4 throwing nets {=f}
 z - 9 poisoned darts
 D - 8 boomerangs (quivered)
 Q - 267 stones
Armour
 b - a +0 leather armour
 c - a +0 helmet (worn)
 o - a +0 chain mail (worn)
 r - a scarf of harm (worn)
Jewellery
 g - an uncursed amulet of faith {Faith, !P}
Wands
 u - a wand of flame (27)
 x - a wand of clouds (4)
 E - a wand of iceblast (16)
 F - a wand of acid (9)
Scrolls
 f - 3 scrolls of remove curse {unknown}
 i - 8 scrolls of identify
 l - 3 scrolls of immolation {!r}
 m - a scroll of noise {unknown}
 p - a scroll of enchant weapon
 t - 6 scrolls of teleportation
 v - 2 scrolls of fear {unknown}
 y - a scroll of amnesia {unknown}
 A - 3 scrolls of enchant armour {unknown}
 B - a scroll of fog {unknown}
 H - a scroll of vulnerability {unknown}
Potions
 h - 2 potions of heal wounds {unknown}
 j - 3 potions of flight {unknown}
 k - 4 potions of might {unknown}
 n - 4 potions of curing {unknown}
 q - 2 potions of brilliance {unknown}
 s - a potion of mutation {unknown}
 w - a potion of resistance {unknown}
 G - a potion of cancellation {unknown}
Comestibles
 e - 13 rations
 C - 8 chunks of flesh


   Skills:
 + Level 6.6 Fighting
 * Level 12.2(12.1) Polearms
 + Level 6.1(6.0) Throwing
 * Level 6.2 Armour
 + Level 8.6(8.5) Dodging
 * Level 1.5(1.4) Invocations
 + Level 0.9(0.8) Evocations


You had 9 spell levels left.
You didn't know any spells.
Your spell library contained the following spells:

 Spells                   Type           Power        Failure   Level  Hunger
 Animate Skeleton         Necr           N/A          99%         1    ##.....
 Apportation              Tloc           #.....       99%         1    ##.....
 Corona                   Hex            #......      99%         1    ##.....
 Summon Small Mammal      Summ           #...         99%         1    ##.....


Dungeon Overview and Level Annotations

Branches:
Dungeon (10/15)            Temple (1/1) D:4
   Lair: D:8-11         Orc: D:9-12

Altars:
Cheibriados
Dithmenos
Elyvilon
Fedhas
Gozag
Hepliaklqana
Kikubaaqudgha
Makhleb
Nemelex Xobeh
Okawaru
Qazlal
Sif Muna
Trog
Uskayaw
Vehumet
Wu Jian
Xom
Yredelemnul
Zin
The Shining One

Annotations:
D:10 Snorg


Message History

* * * LOW HITPOINT WARNING * * *
Snorg claws you.
* * * LOW HITPOINT WARNING * * *
Nakurtum hits Snorg with a +0 dagger of draining.
Snorg bites you.
* * * LOW HITPOINT WARNING * * *
Snorg claws you but does no damage. Snorg claws you!
* * * LOW HITPOINT WARNING * * *
You take 41 damage, and have 13/69 hp.
MASSIVE DAMAGE!!
Nakurtum hits Snorg but does no damage.
Snorg misses you. Snorg barely misses you. Snorg closely misses you.
You hit Snorg.
Nakurtum gestures at Snorg while chanting.
Snorg resists with almost no effort.
Snorg bites Nakurtum!
Snorg barely misses Nakurtum.
Snorg claws Nakurtum.
You puncture Snorg! Snorg bites you!
* * * LOW HITPOINT WARNING * * *
Snorg claws you!
You die...

#####
########...#
.).o.......#
.#######.R.#
###T#####
#.@.....#
#.#.###.#
#.#.###.# #.
#.#..##.#
#..
#^##.##.#
##..
#.......#
##...##
####.####
##.....##
### #.#
#.......##
##.###.#


You could see the friendly Nakurtum the hexer and Snorg (berserk).

Levels and vault maps discovered:
D:1:      saegor_arrival_miasma, layout_loops_corners
D:2:      layout_rooms
D:3:      layout_basic, lemuel_crystal_altar, uniq_grinder
D:4:      minmay_angry_zag, layout_basic, lemuel_crystal_altar,
          grunt_temple_overflow_open, minmay_temple_entry_arrows,
          grunt_ministairs_5, lemuel_blue_sif_altar
D:5:      layout_basic, first_ration, uniq_menkaure
D:6:      layout_basic
D:7:      layout_cave_pools, minmay_misc_feat_room, grunt_livestock,
          uniq_duvessa
D:8:      layout_loops_ring, cheibrodos_ashenzari_chains, hangedman_ru_absence,
          grunt_lair_entry_orc_guard_hut, uniq_erica
D:9:      layout_rooms, kennysheep_mini_moat, uniq_maurice
D:10:     layout_loops_corners, uniq_snorg
Temple:   minmay_temple_curvy_branch

Notes
Turn   | Place    | Note
-------+----------+-------------------------------------------
     0 | D:1      | lepoulpe303 the Merfolk Gladiator began the quest for the
                  | Orb.
     0 | D:1      | Reached XP level 1. HP: 16/16 MP: 1/1
    28 | D:1      | Reached XP level 2. HP: 10/22 MP: 2/2
   307 | D:1      | Identified a +0 club
   323 | D:1      | Identified a cursed +0 club
   438 | D:1      | Identified a +0 club
   443 | D:1      | Reached XP level 3. HP: 28/28 MP: 3/3
   479 | D:1      | Reached skill level 5 in Polearms
   490 | D:1      | Identified a +0 club
   496 | D:1      | Reached skill level 1 in Armour
   573 | D:1      | Identified a +0 club
   662 | D:1      | Identified a cursed -2 short sword
   772 | D:1      | Identified a +0 dagger
   772 | D:1      | Identified a +0 short sword
  1149 | D:2      | Identified a +0 dagger
  1285 | D:2      | Identified a +0 short sword
  1341 | D:2      | Identified a +0 short sword
  1344 | D:2      | Identified a cursed +0 giant club
  1344 | D:2      | Noticed an ogre
  1344 | D:2      | Identified a cursed -1 club
  1564 | D:2      | Identified 4 scrolls of teleportation
  1565 | D:2      | Identified 3 scrolls of identify
  1565 | D:2      | Identified an amulet of faith (You found it on level 1 of
                  | the Dungeon)
  1573 | D:2      | Identified a +0 club
  1647 | D:2      | Killed an ogre
  1647 | D:2      | Reached XP level 4. HP: 34/34 MP: 4/4
  1647 | D:2      | Reached XP level 5. HP: 40/40 MP: 5/5
  1875 | D:2      | Identified a +0 chain mail (You found it on level 2 of the
                  | Dungeon)
  1914 | D:3      | Identified a +0 club
  1946 | D:3      | Identified a +0 short sword
  1946 | D:3      | Identified a +0 leather armour
  1948 | D:3      | Identified a +0 hand axe
  1948 | D:3      | Identified a +0 chain mail
  1950 | D:3      | Identified a +0 flail
  1950 | D:3      | Identified a +0 leather armour
  1953 | D:3      | Identified a +0 whip
  1953 | D:3      | Identified a +0 chain mail
  2197 | D:3      | Found a burning altar of Makhleb.
  2299 | D:3      | Noticed Grinder
  2319 | D:3      | Killed Grinder
  2319 | D:3      | Reached skill level 3 in Fighting
  2319 | D:3      | Reached skill level 6 in Polearms
  2319 | D:3      | Reached skill level 3 in Throwing
  2319 | D:3      | Reached skill level 2 in Armour
  2319 | D:3      | Reached skill level 5 in Dodging
  2319 | D:3      | Reached XP level 6. HP: 21/47 MP: 6/6
  2608 | D:3      | Identified a +0 falchion
  2608 | D:3      | Identified a cursed +0 scale mail
  2608 | D:3      | Identified a +0 trident
  2632 | D:3      | Identified a +0 club
  2632 | D:3      | Identified a +0 leather armour
  2632 | D:3      | Identified a +0 hand axe
  2632 | D:3      | Identified a +0 leather armour
  2642 | D:3      | Identified a +0 dagger
  2642 | D:3      | Identified a +0 robe
  2812 | D:3      | Identified a +0 spear
  2812 | D:3      | Identified a +0 spear
  2924 | D:4      | Identified a +0 hand axe
  2924 | D:4      | Identified a +0 leather armour of cold resistance
  2930 | D:4      | Reached XP level 7. HP: 52/52 MP: 7/7
  2958 | D:4      | Found a white marble altar of Elyvilon.
  2964 | D:4      | Reached skill level 7 in Polearms
  2985 | D:4      | Found a shimmering blue altar of Sif Muna.
  2989 | D:4      | Found an opulent altar of Gozag.
  2992 | D:4      | Found a shadowy altar of Dithmenos.
  3045 | D:4      | Identified a +0 whip
  3045 | D:4      | Identified a +0 leather armour
  3126 | D:4      | Identified a +0 dagger
  3126 | D:4      | Identified a +0 robe
  3175 | D:4      | Identified a scarf of harm (You found it on level 4 of the
                  | Dungeon)
  3290 | D:4      | Found a staircase to the Ecumenical Temple.
  3299 | Temple   | Entered the Ecumenical Temple
  3300 | Temple   | lepoulpe303: !whichgod mfgl
  3300 | Temple   | meem: 148 recent wins for mfgl: 39x Okawaru, 21x The
                  | Shining One, 14x Hepliaklqana, 12x Gozag, 12x Yredelemnul,
                  | 7x Ru, 6x Ashenzari, 6x Trog, 5x Uskayaw, 5x Zin, 4x
                  | Qazlal, 3x Wu Jian, 3x Dithmenos, 2x Cheibriados, 2x
                  | Fedhas, , Elyvilon, Jiyva, Kikubaaqudgha, Makhleb, Nemelex
                  | Xobeh, Xom
  3635 | Temple   | Became a worshipper of Hepliaklqana the Forgotten
  3687 | D:4      | Identified a cursed -2 giant club
  3700 | D:4      | Reached skill level 3 in Armour
  3964 | D:4      | Reached skill level 4 in Fighting
  3976 | D:4      | Identified a +0 dagger of speed
  3976 | D:4      | Identified a +0 leather armour
  3977 | D:4      | Identified a +0 club
  3977 | D:4      | Identified a +0 chain mail
  4192 | D:4      | Identified a +0 giant club
  4200 | D:4      | Reached skill level 8 in Polearms
  4200 | D:4      | Reached XP level 8. HP: 30/54 MP: 8/8
  4423 | D:4      | Found a shimmering blue altar of Sif Muna.
  4528 | D:5      | Entered Level 5 of the Dungeon
  4575 | D:5      | Identified a +0 spear
  4578 | D:5      | Identified a +0 spear
  5034 | D:5      | Reached skill level 4 in Throwing
  5034 | D:5      | Reached skill level 6 in Dodging
  5199 | D:5      | Noticed Menkaure
  5225 | D:5      | Killed Menkaure
  5237 | D:5      | Reached * piety under Hepliaklqana
  5323 | D:5      | Identified a cursed -1 flail
  5323 | D:5      | Identified a +0 hand axe
  5323 | D:5      | Identified a +0 leather armour
  5483 | D:5      | Identified 4 scrolls of immolation
  5484 | D:5      | Identified 2 scrolls of enchant weapon
  5573 | D:6      | Identified a +0 whip
  5584 | D:6      | Identified a +0 spear
  5762 | D:6      | Identified a +0 spear
  5769 | D:6      | Reached skill level 4 in Armour
  5909 | D:6      | Reached skill level 9 in Polearms
  5953 | D:6      | Identified a +0 dagger
  5954 | D:6      | Identified a +0 hand axe
  5954 | D:6      | Identified a +0 scale mail
  5956 | D:6      | Identified a +0 dagger
  5956 | D:6      | Identified a +0 robe
  6283 | D:6      | Identified a +0 whip
  6325 | D:6      | Reached XP level 9. HP: 47/60 MP: 9/9
  6422 | D:6      | Reached skill level 5 in Fighting
  6499 | D:6      | Identified a +0 dagger
  6499 | D:6      | Identified a +0 robe
  6500 | D:6      | Identified a +0 dagger
  6500 | D:6      | Identified a +0 robe
  6500 | D:6      | Identified a +1 dagger of venom
  6779 | D:6      | Identified a +0 shortbow
  7089 | D:7      | Identified a +0 dagger
  7089 | D:7      | Identified a +0 club
  7089 | D:7      | Identified a +0 leather armour
  7089 | D:7      | Identified a +0 whip
  7097 | D:7      | Identified a +0 club
  7098 | D:7      | Reached skill level 7 in Dodging
  7099 | D:7      | Identified a +0 dagger
  7099 | D:7      | Identified a +0 robe
  7103 | D:7      | Reached skill level 10 in Polearms
  7213 | D:7      | Identified a +0 hand axe
  7213 | D:7      | Identified a +0 leather armour
  7213 | D:7      | Identified a +0 dagger
  7221 | D:7      | Identified a +0 short sword
  7221 | D:7      | Identified a +0 chain mail
  7221 | D:7      | Noticed Duvessa
  7225 | D:7      | Identified a +0 dagger
  7225 | D:7      | Identified a +0 robe
  7225 | D:7      | Noticed Dowan
  7231 | D:7      | Killed Duvessa
  7232 | D:7      | Identified a cursed +0 leather armour
  7238 | D:7      | Killed Dowan
  7264 | D:7      | Identified a +0 short sword
  7265 | D:7      | Identified a +0 hand axe
  7265 | D:7      | Identified a +0 chain mail
  7288 | D:7      | Identified a +1 war axe of electrocution
  7295 | D:7      | Identified a +0 short sword
  7295 | D:7      | Identified a +0 ring mail
  7295 | D:7      | Identified a +0 short sword
  7295 | D:7      | Identified a +0 leather armour
  7296 | D:7      | Identified a +0 shortbow
  7298 | D:7      | Identified a +0 short sword
  7298 | D:7      | Identified a +0 leather armour
  7301 | D:7      | Identified a +0 scimitar
  7301 | D:7      | Identified a cursed +0 chain mail
  7313 | D:7      | Reached skill level 5 in Throwing
  7371 | D:6      | Reached skill level 5 in Armour
  7684 | D:7      | Identified a +0 flail
  7689 | D:7      | Identified a +0 whip
  7690 | D:7      | Identified a +0 whip
  7831 | D:7      | Identified a +0 giant club
  7916 | D:7      | Identified a +0 giant spiked club
  8038 | D:7      | Identified a +0 hand axe
  8038 | D:7      | Identified a +0 animal skin
  8055 | D:7      | Reached skill level 11 in Polearms
  8061 | D:7      | Reached skill level 6 in Fighting
  8061 | D:7      | Reached XP level 10. HP: 49/68 MP: 10/10
  8081 | D:7      | Reached skill level 8 in Dodging
  8427 | D:8      | You fall into a shaft and drop 2 floors!
  8427 | D:10     | Entered Level 10 of the Dungeon
  8427 | D:10     | Reached ** piety under Hepliaklqana
  8429 | D:10     | Remembered your ancestor Nakurtum as a hexer
  8429 | D:10     | Identified a +0 dagger of draining
  8443 | D:10     | Identified a +2 dagger of venom
  8443 | D:10     | Identified a +0 leather armour
  8445 | D:10     | Identified a +0 war axe
  8445 | D:10     | Identified a +0 leather armour
  8449 | D:10     | Identified a +0 club
  8453 | D:10     | Identified a cursed -3 flail
  8454 | D:10     | Identified a +0 scale mail
  8456 | D:10     | Identified a +0 morningstar
  8539 | D:9      | Identified a +0 shortbow
  8709 | D:9      | Identified a +0 short sword
  8709 | D:9      | Identified a +0 cloak
  8709 | D:9      | Noticed Maurice
  8731 | D:9      | Killed Maurice
  8731 | D:9      | Reached skill level 6 in Armour
  8934 | D:9      | Reached skill level 12 in Polearms
  9034 | D:9      | Identified a +0 ring mail
  9037 | D:9      | Identified a +0 chain mail
  9037 | D:9      | Identified a +0 hand axe
  9038 | D:9      | Identified a +0 whip
  9038 | D:9      | Identified a +0 club
  9038 | D:9      | Identified a +0 ring mail
  9075 | D:9      | Reached skill level 6 in Throwing
  9134 | D:9      | Found a glowing silver altar of Zin.
  9386 | D:10     | Identified a +0 dagger
  9386 | D:10     | Identified a +0 robe
  9386 | D:10     | Identified a +0 dagger
  9386 | D:10     | Identified a +0 robe
  9386 | D:10     | Identified a cursed +0 whip
  9386 | D:10     | Identified a +0 flail
  9386 | D:10     | Identified a +0 ring mail
  9404 | D:10     | Reached skill level 1 in Invocations
  9410 | D:10     | Identified a +0 shortbow
  9415 | D:10     | Identified a +1 scimitar
  9415 | D:10     | Identified a +0 robe
  9419 | D:10     | Identified a cursed +4 long sword of freezing
  9419 | D:10     | Identified a +0 robe
  9421 | D:10     | Identified a cursed +5 dagger
  9421 | D:10     | Identified a +0 robe
  9425 | D:10     | Identified a +3 falchion of freezing
  9425 | D:10     | Identified a +0 robe
  9593 | D:10     | Noticed Snorg
  9596 | D:10     | Identified a cursed -1 hand axe
  9598 | D:10     | Identified a +0 dagger
  9598 | D:10     | Identified a +0 robe
  9601 | D:10     | HP: 13/69 [Snorg (20)]
  9605 | D:10     | HP: 5/69 [Snorg (9)]
  9605 | D:10     | Demolished by Snorg

Table legend:
 A = Turns spent in this place as a percentage of turns spent in the entire game.
 B = Non-inter-level travel turns spent in this place as a percentage of non-inter-level travel turns spent in the entire game.
 C = Inter-level travel turns spent in this place as a percentage of turns spent in this place.
 D = Turns resting spent in this place as a percentage of non-inter-level travel turns spent in this place.
 E = Turns spent auto-exploring this place as a percentage of non-inter-level travel turns spent in this place.
 F = Non-inter-level travel turns spent in this place divided by the number of levels of this place that you've seen.
                   A       B       C       D       E      F
               +-------+-------+-------+-------+-------+----------------------
         Total | 100.0 | 100.0 |   4.7 |  30.5 |  50.1 | 832.3
       Dungeon |  96.3 |  97.5 |   3.4 |  31.3 |  48.9 | 892.9
        Temple |   3.7 |   2.5 |  37.2 |   0.0 |  98.2 | 226.0
               +-------+-------+-------+-------+-------+----------------------

Table legend:
 A = Kills in this place as a percentage of kills in entire the game.
 B = Kills by you in this place as a percentage of kills by you in the entire game.
 C = Kills by friends in this place as a percentage of kills by friends in the entire game.
 D = Other kills in this place as a percentage of other kills in the entire game.
 E = Experience gained in this place as a percentage of experience gained in the entire game.
 F = Experience gained in this place divided by the number of levels of this place that you have seen.
                   A       B       C       D       E      F
               +-------+-------+-------+-------+-------+----------------------
         Total | 100.0 | 100.0 | 100.0 |   N/A | 100.0 | 701.5
       Dungeon | 100.0 | 100.0 | 100.0 |   N/A | 100.0 | 771.7
               +-------+-------+-------+-------+-------+----------------------

Skill      XL: |  1  2  3  4  5  6  7  8  9 10 |
---------------+-------------------------------+-----
Polearms       | 5 6 8 9 11 12 | 12.2
Armour         | 1 2 3 4 5 6 |  6.2
Fighting       | 3 4 6 |  6.6
Throwing       | 3 4 5 6 |  6.1
Dodging        | 5 6 7 8 |  8.6
Invocations    | 1 |  1.5
Evocations     | |  0.9

Action                   |  1- 3 |  4- 6 |  7- 9 | 10-12 || total
-------------------------+-------+-------+-------+-------++-------
Melee: Trident           |   107 |   122 |   440 |   159 ||   828
Throw: Stone             |    77 |    23 |     9 |       ||   109
       Boomerang         |       |       |    12 |    39 ||    51
       Dart              |       |       |     8 |       ||     8
Invok: Recall Ancestor   |       |       |       |     1 ||     1
       Ancestor Life: He |       |       |       |     1 ||     1
  Use: Scroll            |     2 |       |     2 |       ||     4
 Stab: Distracted        |       |       |     3 |     1 ||     4
  Eat: Chunk             |     2 |     5 |    14 |     5 ||    26
       Ration            |       |       |     2 |       ||     2
Armor: Leather armour    |    26 |       |       |       ||    26
       Chain mail        |       |    38 |   154 |    53 ||   245
Dodge: Dodged            |    85 |    41 |   206 |    70 ||   402

Vanquished Creatures
  Grinder (D:3)
  2 hippogriffs
  A human (D:7)
  A yak (D:7)
  A wyvern (D:9)
  3 hogs (D:7)
  Duvessa (D:7)
  A water moccasin (D:9)
  6 ice beasts
  An orc warrior (D:6)
  4 ogres
  A hornet zombie (D:6)
  A phantom (D:5)
  4 centaurs
  3 bullfrogs
  2 scorpions (D:9)
  4 wights (D:10)
  A howler monkey (D:6)
  2 crimson imps
  A quasit (D:10)
  2 hounds
  A bullfrog skeleton (D:4)
  A centaur skeleton (D:4)
  An orc priest (D:7)
  7 orc wizards
  An iguana (D:9)
  3 worker ants
  A hound zombie (D:5)
  A worker ant zombie (D:10)
  9 gnolls
  4 adders
  A shadow imp (D:6)
  3 worms
  A dart slug (D:1)
  44 orcs
  10 bats
  7 giant cockroaches
  5 goblins
  10 hobgoblins
  11 jackals
  9 quokkas
  2 frilled lizards
  7 kobolds
  6 rats
188 creatures vanquished.

Vanquished Creatures (collateral kills)
  Maurice (D:9)
  A hungry ghost (D:7)
  Menkaure (D:5)
  An ogre (D:7)
  Dowan (D:7)
  A scorpion (D:4)
  A jelly (D:6)
  A hound (D:9)
  An orc priest (D:7)
  An orc wizard (D:6)
  2 gnolls (D:5)
  A howler monkey skeleton (D:4)
  An adder (D:5)
  2 shadow imps
  An adder zombie (D:9)
  A worm (D:4)
  A leopard gecko (D:6)
  11 orcs
  2 jackals
32 creatures vanquished.

Vanquished Creatures (others)
  An ancestor (D:7)
1 creature vanquished.

Grand Total: 221 creatures vanquished
